 Dungeon Crawl Stone Soup version 0.20.1-1-g8b1a95d (webtiles) character file.

179 fred the Skirmisher (level 5, -1/43 HPs)
             Began as a Mummy Fighter on Dec 9, 2017.
             Slain by an ogre
             ... wielding a +0 giant spiked club
              (10 damage)
             ... on level 4 of the Dungeon.
             The game lasted 00:06:27 (1676 turns).

fred the Skirmisher (Mummy Fighter)                 Turns: 1676, Time: 00:06:28

Health: -1/43      AC:  8    Str: 20    XL:     5   Next: 32%
Magic:  5/5        EV:  7    Int:  8    God:
Gold:   92         SH: 11    Dex: 11    Spells: 4/4 levels left

rFire    x . .     SeeInvis .   a - +0 flail
rCold    + . .     Gourm    .   c - +0 shield
rNeg     + + +     Faith    .   b - +0 scale mail
rPois    ∞         Spirit   .   i - +1 helmet
rElec    .         Reflect  +   (no cloak)
rCorr    .         Harm     .   (no gloves)
MR       .....                  (no boots)
Stlth    ++........             e - +3 amulet of reflection
Regen    0.2/turn               g - ring of stealth
MPRegen  0.1/turn               h - ring of stealth

@: no status effects
A: no food or potions, fire vulnerability, cold resistance 1, negative energy
resistance 3, torment resistance, unbreathing
a: no special abilities


You were on level 4 of the Dungeon.
You were not hungry.

You visited 1 branch of the dungeon, and saw 4 of its levels.

You collected 92 gold pieces.

Inventory:

Hand Weapons
 a - a +0 flail (weapon)
Armour
 b - a +0 scale mail (worn)
 c - a +0 shield (worn)
 i - a +1 helmet (worn)
Jewellery
 e - a +3 amulet of reflection (around neck)
 g - a ring of stealth (left hand)
 h - a ring of stealth (right hand)
Scrolls
 d - a scroll of identify {unknown}
 f - a scroll of remove curse {unknown}
 j - a scroll of enchant armour {unknown}
 k - a scroll of blinking {unknown}
 l - a scroll of teleportation {unknown}


   Skills:
 + Level 4.5 Fighting
 + Level 3.5 Maces & Flails
 - Level 2.5 Armour
 - Level 2.4 Shields


You had 4 spell levels left.
You didn't know any spells.

Dungeon Overview and Level Annotations

Branches:
Dungeon (4/15)
 Temple: D:4-7

Altars:

Shops:
D:4 *


Innate Abilities, Weirdness & Mutations

You do not eat or drink.
Your flesh is vulnerable to fire.
You are immune to poison.
Your flesh is cold resistant. (rC+)
You are immune to negative energy. (rN+++)
You are immune to unholy pain and torment.
You can survive without breathing.


Message History

The ogre is moderately wounded.
You block the ogre's attack.
You barely miss the ogre.
The ogre is moderately wounded.
You block the ogre's attack.
You sock the ogre!
The ogre is severely wounded.
You block the ogre's attack.
Your shield and scale mail prevent you from hitting the ogre.
The ogre is heavily wounded.
The ogre hits you with a giant spiked club!!
Ouch! That really hurt!
* * * LOW HITPOINT WARNING * * *
You hit the ogre.
The ogre is severely wounded.
The ogre barely misses you.
You sock the ogre!
The ogre is almost dead.
The ogre hits you with a giant spiked club!
You die...

##########
#........#########
#.######..........
#@# ###########
#O# ##S## ###
##...## ....
#.....# ####
.........#
####.....# ##...##
..###


You could see an ogre and an adder.

Vanquished Creatures
  An orc priest (D:2)
  A worker ant (D:4)
  2 hound zombies (D:4)
  4 adders
  An ooze (D:1)
  2 worms
  4 leopard geckos
  4 orcs
  8 bats
  2 giant cockroaches
  5 goblins
  2 hobgoblins
  A quokka (D:3)
  2 frilled lizards
  A jackal zombie (D:4)
  4 kobolds
  8 rats
52 creatures vanquished.

Vanquished Creatures (others)
  A kobold (D:3)
1 creature vanquished.

Grand Total: 53 creatures vanquished

Notes
Turn   | Place    | Note
-------+----------+-------------------------------------------
     0 | D:1      | fred the Mummy Fighter began the quest for the Orb.
     0 | D:1      | Reached XP level 1. HP: 18/18 MP: 1/1
   424 | D:1      | Reached XP level 2. HP: 24/24 MP: 2/2
   647 | D:2      | Reached XP level 3. HP: 21/29 MP: 3/3
   905 | D:2      | Reached XP level 4. HP: 28/37 MP: 4/4
   938 | D:3      | Reached skill level 4 in Fighting
  1457 | D:3      | You fall through a shaft!
  1481 | D:4      | Reached XP level 5. HP: 37/42 MP: 5/5
  1509 | D:4      | Found Qiraergh's Assorted Antiques.
  1663 | D:4      | Noticed an ogre
  1676 | D:4      | Slain by an ogre

Skill      XL: |  1  2  3  4 |
---------------+-------------+-----
Maces & Flails | 2 3 |  3.5
Fighting       | 4 |  4.5
Armour         | |  2.5
Shields        | |  2.4

Action                   |  1- 3 |  4- 6 || total
-------------------------+-------+-------++-------
Melee: Flail             |   110 |    91 ||   201
 Stab: Sleeping          |       |     4 ||     4
Armor: Scale mail        |    60 |    45 ||   105
Dodge: Dodged            |    35 |    40 ||    75
Block: Shield            |    76 |    97 ||   173
       Reflection        |       |     4 ||     4
